 Dungeon Crawl Stone Soup version 0.29-a0-384-g6960b1960d (webtiles) character file.

Game seed: 12677395788898616307

4532 jimonade the Thaumaturge (level 10, -12/76 HPs)
             Began as a Djinni Ice Elementalist on May 7, 2022.
             Was a Believer of Makhleb.
             Shot with an arrow by a centaur warrior (16 damage)
             ... on level 8 of the Dungeon.
             The game lasted 00:47:25 (10763 turns).

jimonade the Thaumaturge (Djinni Ice Elementalist) Turns: 10763, Time: 00:47:25

Health: -12/76     AC:  8    Str: 11    XL:     10   Next: 66%
Gold:   384        EV: 12    Int: 22    God:    Makhleb [**....] SH:  0 Dex: 15

rFire   + + .      SeeInvis .   G - +3 scythe (vamp)
rCold   x . .      Faith    .   (shield currently unavailable)
rNeg    . . .      Spirit   .   J - +3 robe of the Orcish Mines {Regen+ Int+6 Stlth+}
rPois   ∞          Reflect  .   a - +2 helmet
rElec   .          Harm     .   (no cloak)
rCorr   .          Rampage  .   (no gloves)
Will    +....                   (boots unavailable)
Stlth   +++.......              (no amulet)
HPRegen 1.02/turn               (no ring)
MPRegen 0.00/turn               (no ring)

@: flying, studying Polearms
A: sickness immunity, fire resistance 2, cold vulnerability 1, float, innate
caster, HP casting, extra vitality 1
a: Renounce Religion, Minor Destruction


You were on level 8 of the Dungeon.
You worshipped Makhleb.
Makhleb was pleased with you.
You visited 2 branches of the dungeon, and saw 9 of its levels.

You collected 384 gold pieces.

Inventory:

Hand Weapons
 d - a +2 dagger of electrocution
 e - a +1 hunting sling of freezing
 j - a +4 dire flail of freezing
 o - a +0 dagger
 v - a +0 mace of holy wrath
 D - a +2 short sword of venom
 G - a +3 vampiric scythe (weapon)
 L - a +3 dagger
 Z - a +4 spear of flaming
Missiles
 c - 287 stones
 w - 2 javelins
 y - 6 boomerangs
 I - 14 poisoned darts
 X - 5 boomerangs of dispersal
Armour
 a - a +2 helmet (worn)
 f - an orb of light
 m - a +0 ring mail
 E - a +3 leather armour of fire resistance
 F - a +0 chain mail
 J - the +3 robe of the Orcish Mines (worn) {Regen+ Int+6 Stlth+}
   (You found it on level 3 of the Dungeon)

   Int:       It affects your intelligence (+6).
   Regen:     It increases your rate of health regeneration.
   Stlth:     It makes you more stealthy.
 U - a +3 leather armour of cold resistance
Jewellery
 l - a ring of willpower
 V - a ring of ice
 W - a ring of fire
Wands
 n - a wand of polymorph (7)
 P - a wand of iceblast (7)
 S - a wand of flame (10)
Scrolls
 h - a scroll of fog
 k - a scroll of teleportation
 p - a scroll of poison
 r - 3 scrolls of brand weapon
 s - a scroll of identify
 x - 2 scrolls of enchant armour
 H - a scroll of fear
Potions
 b - 3 potions of heal wounds
 g - 2 potions of brilliance
 i - a potion of mutation {unknown}
 q - a potion of cancellation {unknown}
 t - a potion of might {unknown}
 z - 6 potions of haste
 M - 3 potions of attraction {unknown}
 N - 5 potions of curing
 O - a potion of resistance {unknown}
 T - 2 potions of lignification
 Y - a potion of degeneration {unknown}


   Skills:
 * Level 7.9 Fighting
 + Level 4.5 Polearms
 + Level 1.2 Armour
 - Level 2.1 Dodging
 - Level 1.5 Stealth
 + Level 9.7 Spellcasting


You had 7 spell levels left.
You knew the following spells:

 Your Spells              Type           Power      Damage    Failure   Level
a - Freeze                Ice            100%       1d11      1%          1
b - Frozen Ramparts       Ice            100%       1d12      1%          3
c - Ozocubu's Armour      Ice            52%        N/A       1%          3
d - Hailstorm             Conj/Ice       52%        3d12      1%          4
e - Beastly Appendage     Tmut           100%       N/A       1%          1
f - Ensorcelled Hibernat  Hex/Ice        100%       N/A       1%          2
g - Gell's Gravitas       Tloc           52%        N/A       1%          3
h - Flame Wave            Conj/Fire      52%        2d11      1%          4
Your spell library was empty.

Dungeon Overview and Level Annotations

Branches:
Dungeon (8/15)             Temple (1/1) D:4
   Lair: D:8-11

Altars:
Ashenzari
Cheibriados
Dithmenos
Elyvilon
Fedhas
Gozag
Hepliaklqana
Kikubaaqudgha
Makhleb
Nemelex Xobeh
Okawaru
Qazlal
Ru
Sif Muna
Trog
Uskayaw
Vehumet
Wu Jian
Xom
Yredelemnul
Zin
The Shining One

Shops:
D:1 *:=?*   D:3 ?   D:4 =   D:7 *

Annotations:
D:2 exclusion: downstairs
D:4 exclusion: acid dragon
D:5 1 runed translucent door, exclusion: downstairs, Crazy Yiuf
D:8 Psyche


Innate Abilities, Weirdness & Mutations

You are immune to sickness and miasma.
You are immune to poison.
Your flesh is very heat resistant. (rF++)
You are vulnerable to cold. (rC-)
You float through the air rather than walking.
You learn spells naturally, not from books.
Your magical power is your life essence.
You have superior vitality. (+4 MHP)


Message History

A necrophage comes into view.
There is a stone staircase leading down here.
There is a stone staircase leading down here.
Casting: Frozen Ramparts (safe; 1% risk of failure)
Confirm with . or Enter, or press ? or * to list all spells.
A film of ice covers your body!
You slash the necrophage!
The necrophage is moderately damaged.
The necrophage hits you but does no damage. x2
You hit the necrophage.
The necrophage is heavily damaged.
The necrophage hits you but does no damage.
The necrophage barely misses you.
You slash the necrophage!
You destroy the necrophage!
Makhleb accepts your kill.
Your icy armour cracks and falls away as you move.
You see here a vampire mosquito corpse.
A centaur warrior comes into view.
A gnoll comes into view. It is wielding a +0 whip.
The centaur warrior wields a +0 shortbow.
The centaur warrior shoots an arrow.
The arrow hits you!
You hear a shout! x2
You see here 24 gold pieces.
You now have 384 gold pieces (gained 24).
The gnoll shouts!
The centaur warrior shoots an arrow.
The arrow hits you!
A centaur warrior comes into view.
The centaur warrior shoots an arrow.
The arrow hits you!!
The centaur warrior shoots an arrow.
The arrow hits you!
* * * LOW HITPOINT WARNING * * *
The centaur warrior shoots an arrow.
The arrow barely misses you.
A gnoll shaman comes into view. It is wielding a +0 club.
You see here a vampire mosquito corpse.
The centaur warrior shoots an arrow.
The arrow hits you!
* * * LOW HITPOINT WARNING * * *
The centaur warrior shoots an arrow.
The arrow hits you!
* * * LOW HITPOINT WARNING * * *
The centaur warrior shoots an arrow.
The arrow hits you!
You die...

#.######....##.##...cg...
# ##.# #.....#.....##....
###>##
###...###.##........
...##
#................... .###
#.#....c############ .#
#>#..†.......# ##
#.#....#####.#
#####.####.#####c####
#..........>@.......#
#.###########.##.#..# #.#
######.##.#..# ###.#
#.........#..# #...#
#.####.###...# #.###
#.###.#.# #.# #.......#
#.# #####.### #.#
##.#####


You could see a centaur warrior.

Vanquished Creatures
  An ugly thing (D:7)
  Joseph (D:7)
  2 slime creatures (D:8)
  Sigmund (D:3)
  Eustachio (D:5)
  A vampire mosquito (D:8)
  A water moccasin (D:8)
  2 ice beasts
  An orc warrior (D:5)
  A sky beast (D:6)
  2 ogres (D:5)
  3 centaurs
  2 phantoms
  5 bullfrogs
  2 necrophages
  5 scorpions
  5 wights (D:8)
  3 howler monkeys
  A gnoll shaman (D:6)
  4 hounds
  A jelly (D:5)
  8 orc priests
  4 iguanas (D:5)
  6 orc wizards
  A mummy (D:4)
  4 gnolls
  8 adders
  2 ufetubi
  3 worms
  2 dart slugs
  23 orcs
  7 endoplasms
  4 giant cockroaches
  3 goblins
  6 hobgoblins
  10 jackals
  8 kobolds
  A quokka (D:3)
  2 ball pythons (D:2)
  4 bats
  4 frilled lizards
  2 hobgoblin zombies (D:4)
  2 kobold zombies (D:4)
  2 rats
161 creatures vanquished.

Notes
Turn   | Place    | Note
-------+----------+-------------------------------------------
     0 | D:1      | jimonade the Djinni Ice Elementalist began the quest for
                  | the Orb.
     0 | D:1      | Reached XP level 1. HP: 15/15 MP: 0/0
    34 | D:1      | Found Igiratz's Book Shop.
   221 | D:1      | Reached XP level 2. HP: 13/22 MP: 0/0
   621 | D:1      | Found Tiut's Assorted Antiques.
  1127 | D:1      | Reached XP level 3. HP: 25/26 MP: 0/0
  1127 | D:1      | Learned a level 1 spell: Beastly Appendage
  1162 | D:1      | Found Unudoaba's Jewellery Emporium.
  1173 | D:1      | Found Cuwaxinlo's Magic Scroll Shop.
  1339 | D:1      | Found Ipsimeu's Assorted Antiques.
  1730 | D:2      | Reached skill level 4 in Spellcasting
  1738 | D:2      | Reached skill level 1 in Fighting
  1846 | D:2      | Reached XP level 4. HP: 27/32 MP: 0/0
  3195 | D:3      | Noticed Sigmund
  3195 | D:3      | Found Tisou's Magic Scroll Shop.
  3448 | D:3      | Reached XP level 5. HP: 31/37 MP: 0/0
  3448 | D:3      | Learned a level 2 spell: Ensorcelled Hibernation
  4274 | D:3      | Killed Sigmund
  4275 | D:3      | Reached skill level 5 in Spellcasting
  4275 | D:3      | Reached XP level 6. HP: 12/46 MP: 0/0
  4617 | D:3      | Reached XP level 7. HP: 41/50 MP: 0/0
  4617 | D:3      | Learned a level 3 spell: Gell's Gravitas
  4684 | D:3      | Found a faded altar of an unknown god.
  4732 | D:3      | Identified the +3 robe of the Orcish Mines {Regen+ Int+6
                  | Stlth+}
  4916 | D:4      | Found a staircase to the Ecumenical Temple.
  4925 | Temple   | Entered the Ecumenical Temple
  5466 | Temple   | Became a worshipper of Makhleb the Destroyer
  5739 | D:4      | Reached skill level 1 in Armour
  5840 | D:4      | Found Nesafih's Jewellery Emporium.
  5965 | D:4      | Noticed an acid dragon
  6440 | D:4      | Reached * piety under Makhleb
  6667 | D:5      | Entered Level 5 of the Dungeon
  6706 | D:5      | Noticed Eustachio
  6757 | D:5      | Killed Eustachio
  6758 | D:5      | Reached skill level 6 in Spellcasting
  6758 | D:5      | Reached XP level 8. HP: 41/58 MP: 0/0
  7077 | D:5      | Reached skill level 5 in Fighting
  7293 | D:5      | Found a runed translucent door.
  7294 | D:5      | Noticed Crazy Yiuf
  7718 | D:6      | Reached skill level 7 in Spellcasting
  8158 | D:5      | Reached XP level 9. HP: 24/66 MP: 0/0
  8158 | D:5      | Learned a level 4 spell: Flame Wave
  8505 | D:5      | Reached skill level 8 in Spellcasting
  8991 | D:7      | Noticed a boulder beetle
  9073 | D:7      | Noticed Joseph
  9315 | D:7      | Found Itucw's Lightly-Used Armoury.
  9447 | D:7      | Noticed a green ugly thing
  9559 | D:7      | Reached skill level 1 in Polearms
  9663 | D:7      | Killed a green ugly thing
  9664 | D:7      | Reached skill level 9 in Spellcasting
  9664 | D:7      | Reached XP level 10. HP: 56/75 MP: 0/0
  9711 | D:7      | Found a bloodstained altar of Trog.
 10111 | D:7      | Killed Joseph
 10207 | D:8      | Reached ** piety under Makhleb
 10283 | D:8      | Noticed Psyche
 10746 | D:8      | Noticed a centaur warrior
 10748 | D:8      | Noticed a centaur warrior
 10763 | D:8      | Shot with an arrow by a centaur warrior

Illustrated notes

Levels and vault maps discovered:
D:1:      dpeg_arrival_lava_temple_mockup, layout_loops_corners, serial_shops,
          nicolae_shop_advertising_works [nicolae_subvault_shop_adworks],
          nicolae_diamond_shop, shop, shop, shop, minmay_liquid_box
D:2:      layout_basic
D:3:      layout_rooms, serial_shops, shop_statue,
          hellmonk_ecumenical_altar_pennies_from_heaven, uniq_sigmund
D:4:      layout_basic, minmay_temple_entry_arrows, hangedman_decor_riveting,
          kennysheep_diamond, minmay_fountain_box, minmay_mini_ossuary
D:5:      layout_basic, minmay_misc_feat_nine_boxes, uniq_crazy_yiuf_cottage,
          uniq_eustachio
D:6:      layout_cave_pools, minmay_bent
D:7:      layout_basic, bloody_trog, serial_park_tiny_pond, minmay_shop_damaged,
          minmay_manual_mail, uniq_joseph
D:8:      minmay_tri_box, layout_loops_cross, uniq_psyche
Temple:   mainiacjoe_temple_starburst

Skill      XL: |  1  2  3  4  5  6  7  8  9 10 |
---------------+-------------------------------+-----
Spellcasting   | 4 5 6 7 9 |  9.7
Fighting       | 1 3 4 5 7 |  7.9
Armour         | 1 |  1.2
Polearms       | 1 4 |  4.5
Dodging        | |  2.1
Stealth        | |  1.5

Action                   |  1- 3 |  4- 6 |  7- 9 | 10-12 || total
-------------------------+-------+-------+-------+-------++-------
Melee: Unarmed           |     1 |       |       |       ||     1
       Dagger            |    28 |    69 |       |       ||    97
       Headbutt          |     5 |    12 |       |       ||    17
       Short sword       |       |    10 |       |       ||    10
       Scythe            |       |    17 |   162 |    49 ||   228
 Cast: Freeze            |    31 |    21 |    58 |     1 ||   111
       Beastly Appendage |     6 |     8 |       |       ||    14
       Frozen Ramparts   |       |     5 |    38 |     6 ||    49
       Ozocubu's Armour  |       |     2 |    21 |     7 ||    30
       Gell's Gravitas   |       |       |     1 |       ||     1
       Flame Wave        |       |       |     5 |     5 ||    10
  Use: Scroll            |       |       |     7 |    16 ||    23
 Stab: Sleeping          |     1 |     5 |    12 |     2 ||    20
Armor: Robe              |    10 |    12 |   122 |    36 ||   180
       Leather armour    |       |    16 |       |       ||    16
Dodge: Dodged            |    25 |    59 |   192 |    37 ||   313

Table legend: (Time is in decaauts)
 A = Elapsed time spent in this place.
 B = Non-inter-level travel time spent in this place.
 C = Inter-level travel time spent in this place.
 D = Time resting spent in this place.
 E = Time spent auto-exploring this place.
 F = Levels seen in this place.
 G = Mean time per level.
                   A        B        C        D        E       F      G
               +--------+--------+--------+--------+--------+-----+--------+
         Total |  10997 |  10520 |    477 |   2100 |   5001 |   9 | 1221.9 |
       Dungeon |  10402 |  10018 |    384 |   2100 |   4508 |   8 | 1300.2 |
        Temple |    594 |    501 |     93 |      0 |    493 |   1 |  594.0 |
               +--------+--------+--------+--------+--------+-----+--------+

Top non-repeatable levels by time:
     D:1: 1883 daAuts
     D:5: 1690 daAuts
     D:3: 1660 daAuts
     D:2: 1369 daAuts
     D:4: 1231 daAuts
     D:7: 1090 daAuts
     D:6: 868 daAuts
     D:8: 607 daAuts
  Temple: 594 daAuts
